 Dungeon Crawl Stone Soup version 0.28.0-53-g5a82cb258f (webtiles) character file.

Game seed: 6993038262222968403

7 Gabide the Stinger (level 2, 0/22 HPs)
             Began as a Naga Venom Mage on June 10, 2022.
             Frozen to death by an endoplasm (5 damage)
             ... on level 1 of the Dungeon.
             The game lasted 00:01:23 (205 turns).

Gabide the Stinger (Naga Venom Mage)                 Turns: 205, Time: 00:01:24

Health: 0/22       AC:  1    Str: 10    XL:     2   Next: 0%
Magic:  0/5        EV:  9    Int: 15    God:
Gold:   7          SH:  0    Dex: 11    Spells: 4/5 levels left

rFire   . . .      SeeInvis +   (no weapon)
rCold   . . .      Faith    .   (no shield)
rNeg    . . .      Spirit   .   a - +0 robe
rPois   +          Reflect  .   (no helmet)
rElec   .          Harm     .   (no cloak)
rCorr   .          Rampage  .   (no gloves)
Will    .....                   (no barding)
Stlth   ++........              (no amulet)
HPRegen 0.07/turn               (no ring)
MPRegen 0.09/turn               (no ring)

@: very slow
A: AC +0, large, see invisible, deformed body, poison resistance, slowness 2,
spit poison 1, naga tail 1
a: Spit Poison


You were on level 1 of the Dungeon.
You visited 1 branch of the dungeon, and saw 1 of its levels.

You collected 7 gold pieces.

Inventory:

Missiles
 b - 4 poisoned darts
Armour
 a - a +0 robe (worn)


   Skills:
 - Level 1.5 Dodging
 + Level 3.2 Stealth
 + Level 2.1 Spellcasting
 - Level 1.0 Transmutations
 * Level 4.3 Poison Magic


You had 4 spell levels left.
You knew the following spells:

 Your Spells              Type           Power      Damage    Failure   Level
a - Sting                 Tmut/Pois      36%        1d4       8%          1

Your spell library contained the following spells:

 Spells                   Type           Power      Damage    Failure   Level
 Poisonous Vapours        Pois/Air       16%        N/A       14%         2
 Blink                    Tloc           2%         N/A       32%         2
 Olgreb's Toxic Radiance  Pois           14%        N/A       34%         4
 Mephitic Cloud           Conj/Pois/Air  5%         N/A       36%         3
 Lesser Beckoning         Tloc           1%         N/A       54%         3
 Manifold Assault         Tloc           1%         N/A       99%         5


Dungeon Overview and Level Annotations

Branches:
Dungeon (1/15)

Altars:

Shops:
D:1 =


Innate Abilities, Weirdness & Mutations

Your serpentine skin is tough. (AC +0)
You have supernaturally acute eyesight. (SInv)
Armour fits poorly on your strangely shaped body.
Your system is resistant to poisons. (rPois)
You cover ground very slowly.
You can spit poison.
You have a snake-like lower body.


Message History

The rat is severely wounded.
You kill the rat!
A jackal comes into view.
The ball python bites you. The ball python bites you.
You hit the ball python.
The ball python is moderately wounded.
The ball python bites you but does no damage.
You closely miss the ball python.
The ball python is moderately wounded.
The ball python closely misses you.
You hit the ball python.
You kill the ball python!
Aiming: Sting (safe; 8% risk of failure)
Press: ? - help, Q - select action, (/) - cycle Shift-Dir - straight line, f - goblin
Aim: a goblin, wielding a +0 club (60% to hit)
The sting misses the goblin.
The sting hits the jackal.
The jackal is poisoned.
The jackal is heavily wounded.
The goblin hits you but does no damage.
You hit the goblin.
The goblin is heavily wounded.
The goblin hits you with a +0 club.
You are too injured to fight recklessly!
You closely miss the goblin.
The goblin is heavily wounded.
You kill the jackal!
The goblin hits you with a +0 club.
* * * LOW HITPOINT WARNING * * *
You barely miss the goblin.
The goblin is heavily wounded.
The goblin hits you with a +0 club.
* * * LOW HITPOINT WARNING * * *
You hit the goblin.
You kill the goblin!
You have reached level 2!
You hit the endoplasm.
The endoplasm is lightly wounded.
The endoplasm freezes you.
You are frozen.
You die...

#.#.≈...#.# ##)
#.....≈P#.###### #.
#PP≈≈..≈#......# #.
#.≈≈≈.≈.#......# ###.
#..≈≈≈≈≈+......####...
#########............#
#....†.....####..
########..........#
##.
#.hh.gJ@..........# #.
#.##########...#### ##
h. ...### #


.Jg ##### # hh. # .. # . # . You could see an endoplasm, 2 jackals and a goblin.

Vanquished Creatures
  A goblin (D:1)
  A hobgoblin (D:1)
  A jackal (D:1)
  A ball python (D:1)
  A kobold (D:1)
  2 rats (D:1)
7 creatures vanquished.

Notes
Turn   | Place    | Note
-------+----------+-------------------------------------------
     0 | D:1      | Gabide the Naga Venom Mage began the quest for the Orb.
     0 | D:1      | Reached XP level 1. HP: 15/15 MP: 3/3
   133 | D:1      | Found Ojehezxu's Jewellery Emporium.
   205 | D:1      | Reached XP level 2. HP: 5/22 MP: 0/5
   205 | D:1      | Frozen to death by an endoplasm

Illustrated notes

Levels and vault maps discovered:
D:1:      lightli_arrival_flooded_house, layout_rooms, serial_shops,
          shop_statue, chequers_ecumenical_altar_island

Action                   || total
-------------------------++-------
Melee: Unarmed           ||     9
 Cast: Sting             ||     9
 Abil: Spit Poison       ||     2
Armor: Robe              ||     2
Dodge: Dodged            ||     1
